 Dungeon Crawl Stone Soup version 0.31-a0-1091-g283494c966 (webtiles) character file.

Game seed: 13390363600771928020

2 kae the Vexing (level 1, 0/13 HPs)
             Began as a Demonspawn Enchanter on Nov 28, 2023.
             Killed from afar by a dart slug (5 damage)
             ... with a slug dart
             ... on level 1 of the Dungeon.
             The game lasted 00:00:09 (87 turns).

kae the Vexing (Demonspawn Enchanter)                 Turns: 87, Time: 00:00:10

Health: 0/13       AC:  2    Str:  8    XL:     1   Next: 33%
Magic:  3/3        EV: 12    Int: 16    God:
Gold:   10         SH:  0    Dex: 13    Spells: 4/4 levels left

rFire   . . .        a - +1 dagger
rCold   . . .        (no shield)
rNeg    . . .        b - +0 robe
rPois   .            (no helmet)
rElec   .            (no cloak)
rCorr   .            (no gloves)
SInv    .            (no boots)
Will    .....        (no amulet)
Stlth   ++           (no ring)
HPRegen 0.22/turn    (no ring)
MPRegen 0.08/turn

%: no passive effects
@: no status effects
A: no striking features
a: no special abilities


You were on level 1 of the Dungeon.
You visited 1 branch of the dungeon, and saw 1 of its levels.

You collected 10 gold pieces.


   Skills:
 + Level 0.0 Fighting
 * Level 1.0 Short Blades
 - Level 1.8 Dodging
 * Level 2.7 Stealth
 + Level 2.0 Spellcasting
 + Level 3.0 Hexes


You had 4 spell levels left.
You didn't know any spells.
Your spell library contained the following spells:

 Spells                   Type           Power      Damage    Failure   Level
 Ensorcelled Hibernation  Hex/Ice        12%        N/A       17%         2
 Confusing Touch          Hex            11%        N/A       19%         3
 Tukima's Dance           Hex            11%        N/A       19%         3
 Dazzling Flash           Conj/Hex       12%        N/A       32%         3

Inventory:

Hand Weapons
 a - a +1 dagger (weapon)
Missiles
 d - a stone
Armour
 b - a +0 robe (worn)
Scrolls
 e - a scroll of amnesia {unknown}
Potions
 c - 2 potions of invisibility

Dungeon Overview and Level Annotations

Branches:
Dungeon (1/15) Zot: 5912

Altars:

..... .... ##
#.......# ##.... #.
#........###.....
#..
#................
#.? #.. #.........#
... #.# #.......#
#.##.# #...<...#
#.w#.## ##.......##
#..@..###.........##
#.##................
# #..(.....###.....
.##.......## ##....
#..........# #....
#.#........## ##....
# ##........###)....
#............†...
##########.....#.


You could see a dart slug.


Message History

Found 6 stones and a scroll labelled UBUOSSE HISE.
Found a staircase leading out of the dungeon.
Unknown command.
A kobold comes into view. It is wielding a +0 dagger.
A kobold is nearby!
A hobgoblin comes into view.
The kobold shouts!
A quokka comes into view.
The hobgoblin moves out of view.
There are monsters nearby!
There are monsters nearby!
You hit the kobold. The kobold hits you with a +0 dagger.
You are too injured to fight recklessly!
There are monsters nearby!
You are too injured to fight recklessly!
You are too injured to fight recklessly! 😮 HP[-4]
You take 4 damage, and now have 9/13 hp.
MASSIVE DAMAGE!! (PAUSE)
You barely miss the kobold. The kobold hits you but does no damage.
You hit the kobold.
You kill the kobold! 😕 HP[+1]
The quokka misses you.
Things that are here:
a +0 dagger; a stone; a kobold corpse You hit the quokka but do no damage.
The quokka barely misses you. The quokka bites you. 😮 HP[-2]
You take 2 damage, and now have 8/13 hp.
You hit the quokka but do no damage. The quokka closely misses you.
You hit the quokka.
The quokka bites you but does no damage. 😮 HP[+1]
You barely miss the quokka. The quokka closely misses you.
Unknown command.
You barely miss the quokka. The quokka closely misses you.
You hit the quokka. The quokka bites you.
* * * LOW HITPOINT WARNING * * *
😨 HP[-4]
You take 4 damage, and now have 5/13 hp.
MASSIVE DAMAGE!! (PAUSE)
You hit the quokka.
You kill the quokka!
Your Short Blades skill increases to level 1!
You see here a quokka corpse. 😨 HP[+1]
You start resting. 😕 HP[+5]
You regained 5 hp, and now have 11/13 hp.
You see here a quokka corpse.
d - a stone
Things that are here:
a +0 dagger; a kobold corpse
e - a scroll labelled UBUOSSE HISE 😎 HP[+2]
Your hp is fully restored (13).
No target in view!
No target in view!
You now have 10 gold pieces.
A dart slug comes into view.
A dart slug is nearby!
You see here 6 stones.
A dart slug is nearby!
A dart slug is nearby!
A dart slug is nearby!
The dart slug barely misses you.
A dart slug is nearby!
A dart slug is nearby!
You completely miss the dart slug. You hit the dart slug but do no damage.
The dart slug bites you but does no damage.
A dart slug is nearby!
You hit the dart slug.
You punch the dart slug, but do no damage.
The dart slug bites you but does no damage.
You hit the dart slug but do no damage.
A dart slug is nearby!
You completely miss the dart slug. The dart slug launches a dart at you.
The slug dart hits you.
You are too injured to fight recklessly! 😮 HP[-4]
You take 4 damage, and now have 9/13 hp.
MASSIVE DAMAGE!! (PAUSE)
You hit the dart slug. The dart slug launches a dart at you.
The slug dart hits you.
* * * LOW HITPOINT WARNING * * *
😨 HP[-5]
You take 5 damage, and now have 4/13 hp.
MASSIVE DAMAGE!! (PAUSE)
You hit the dart slug. You hit the dart slug but do no damage.
The dart slug launches a dart at you. The slug dart misses you.
You hit the dart slug but do no damage. The dart slug launches a dart at you.
The slug dart hits you.
You die...

Skill      XL: |  1 |
---------------+----+-----
Short Blades   | 1 |  1.0
Dodging        | |  1.8
Stealth        | |  2.7
Spellcasting   | |  2.0
Hexes          | |  3.0

Action                     || total
---------------------------++-------
  Melee: Dagger            ||    19
         Punch             ||     1
 Armour: Robe              ||    10
  Dodge: Dodged            ||     7

Levels and vault maps discovered:
D:1:      minmay_arrival_four_circles, layout_rooms

Notes
Turn   | Place    | Note
-------+----------+-------------------------------------------
     0 | D:1      | kae the Demonspawn Enchanter began the quest for the Orb.
     0 | D:1      | Reached XP level 1. HP: 13/13 MP: 3/3
     0 | D:1      | magus.rc [v1.11.3]
    18 | D:1      | Reached skill level 1 in Short Blades
    87 | D:1      | Killed from afar by a dart slug

Vanquished Creatures
  A kobold (D:1)
  A quokka (D:1)
2 creatures vanquished.

Table legend:
 A = Non-vault XP
 B = Vault XP
 C = Vault XP percentage of total XP
 D = Non-vault monster count
 E = Vault monster count
 F = Vault count percentage of total count
                 A         B        C        D         E       F
            +---------+---------+-------+---------+---------+-------
      Total |       4 |       0 |   0.0 |       2 |       0 |   0.0
            +---------+---------+-------+---------+---------+-------
        D:1 |       4 |       0 |   0.0 |       2 |       0 |   0.0
            +---------+---------+-------+---------+---------+-------

Skill      XL: |  1 |
---------------+----+-----
Short Blades   | 1 |  1.0
Dodging        | |  1.8
Stealth        | |  2.7
Spellcasting   | |  2.0
Hexes          | |  3.0

Action                     || total
---------------------------++-------
  Melee: Dagger            ||    19
         Punch             ||     1
 Armour: Robe              ||    10
  Dodge: Dodged            ||     7

Illustrated notes

Table legend:
 A = Kills in this place as a percentage of kills in the entire game.
 B = Kills by you in this place as a percentage of kills by you in the entire game.
 C = Kills by friends in this place as a percentage of kills by friends in the entire game.
 D = Other kills in this place as a percentage of other kills in the entire game.
 E = Experience gained in this place as a percentage of experience gained in the entire game.
 F = Experience gained in this place divided by the number of levels of this place that you have seen.
                   A       B       C       D       E      F
               +-------+-------+-------+-------+-------+----------------------
         Total | 100.0 | 100.0 |   N/A |   N/A | 100.0 |   4.0
       Dungeon | 100.0 | 100.0 |   N/A |   N/A | 100.0 |   4.0
               +-------+-------+-------+-------+-------+----------------------

Table legend: (Time is in decaauts)
 A = Elapsed time spent in this place.
 B = Non-inter-level travel time spent in this place.
 C = Inter-level travel time spent in this place.
 D = Time resting spent in this place.
 E = Time spent auto-exploring this place.
 F = Levels seen in this place.
 G = Mean time per level.
                   A        B        C        D        E       F      G
               +--------+--------+--------+--------+--------+-----+--------+
         Total |     86 |     86 |      0 |     22 |     33 |   1 |   86.0 |
       Dungeon |     86 |     86 |      0 |     22 |     33 |   1 |   86.0 |
               +--------+--------+--------+--------+--------+-----+--------+

Top non-repeatable levels by time:
     D:1: 86 daAuts
